 Dungeon Crawl Stone Soup version 0.23.0-42-geed6394 (webtiles) character file.

Game seed: 16031315320331562902

181 Fang the Skirmisher (level 5, 0/34 HPs)
             Began as a Gargoyle Berserker on Feb 28, 2019.
             Was a Priest of Trog.
             Slain by an orc
             ... wielding a +0 flail
              (5 damage)
             ... on level 3 of the Dungeon.
             The game lasted 00:03:10 (2210 turns).

Fang the Skirmisher (Gargoyle Berserker)            Turns: 2210, Time: 00:03:11

Health: 0/34       AC:  7    Str: 21    XL:     5   Next: 61%
Magic:  5/5        EV: 12    Int:  8    God:    Trog [***...]
Gold:   144        SH:  0    Dex:  9    Spells: 4/4 levels left

rFire    . . .     SeeInvis .   a - +0 hand axe
rCold    . . .     Gourm    .   (no shield)
rNeg     + . .     Faith    .   b - +0 animal skin
rPois    ∞         Spirit   .   f - +1 hat
rElec    +         Reflect  .   (no cloak)
rCorr    .         Harm     .   (no gloves)
MR       +....                  (no boots)
Stlth    +.........             (no amulet)
HPRegen  0.11/turn              i - ring of protection from magic
MPRegen  0.09/turn              (no ring)

@: no status effects
A: negative energy resistance 1, electricity resistance, unbreathing,
petrification resistance, rot immunity, AC +4
a: Berserk, Trog's Hand, Renounce Religion


You were on level 3 of the Dungeon.
You worshipped Trog.
Trog was most pleased with you.
You were hungry.

You visited 1 branch of the dungeon, and saw 3 of its levels.

You collected 144 gold pieces.

Inventory:

Hand Weapons
 a - a +0 hand axe (weapon)
Armour
 b - a +0 animal skin (worn)
 f - a +1 hat (worn)
Jewellery
 i - a ring of protection from magic (left hand)
 p - a +2 ring of intelligence {unknown}
Scrolls
 g - 6 scrolls of identify {unknown}
 k - a scroll of fear {unknown}
 n - a scroll of remove curse {unknown}
 o - a scroll of teleportation {unknown}
Potions
 e - a potion of heal wounds {unknown}
 h - a potion of flight {unknown}
 j - a potion of brilliance {unknown}
 l - a potion of degeneration {unknown}
 m - 2 potions of agility {unknown}
Comestibles
 c - 2 rations
 d - 5 chunks of flesh


   Skills:
 + Level 4.3 Fighting
 + Level 3.6 Axes
 + Level 3.5 Armour
 + Level 2.6 Dodging


You had 4 spell levels left.
You didn't know any spells.
Your spell library was empty.

Dungeon Overview and Level Annotations

Branches:
Dungeon (3/15)

Altars:


Innate Abilities, Weirdness & Mutations

You are resistant to torment.
Your stone body is resilient. (AC +4)
You are immune to poison.
You resist negative energy. (rN+)
You are resistant to electric shocks. (rElec)
You can survive without breathing.
You are immune to petrification.
You are immune to rotting.


Message History

No target in view!
No target in view!
No target in view!
No target in view!
No target in view!
No target in view!
No target in view!
No target in view!
You closely miss something. Something hits you.
You hit something. Something hits you but does no damage.
You miss something. Something hits you!
You barely miss something. Something hits you.
You miss something. Something hits you but does no damage.
You hit something. Something hits you.
You closely miss something. Something barely misses you.
You barely miss something. Something hits you.
You barely miss something. Something hits you!
* * * LOW HITPOINT WARNING * * *
You hit something. Something hits you.
You die...

.............#
###.#.....##### ..#
##...## #.# ##.## ... #.#
#.# #.# #.# ##'##
######{# ##...## ###
#.....@###.....## #..
#..###.##.......## #..
###................####..
..................+.....
##...##.#.........####..
#...##.##.......## ##.
##......###.....## #.
#.......# ##...## #.
#.##.##.# ##'## #.


There were no monsters in sight!

Vanquished Creatures
  An orc priest (D:3)
  An orc wizard (D:3)
  3 adders
  7 dart slugs
  2 leopard geckos
  6 orcs
  4 giant cockroaches
  10 goblins
  8 hobgoblins
  6 jackals
  A quokka (D:2)
  2 ball pythons (D:2)
  9 bats
  5 frilled lizards
  5 kobolds
  5 rats
75 creatures vanquished.

Notes
Turn   | Place    | Note
-------+----------+-------------------------------------------
     0 | D:1      | Fang the Gargoyle Berserker began the quest for the Orb.
     0 | D:1      | Reached XP level 1. HP: 14/14 MP: 1/1
    46 | D:1      | Reached XP level 2. HP: 10/19 MP: 2/2
   427 | D:1      | Reached XP level 3. HP: 21/23 MP: 3/3
   506 | D:1      | Reached ** piety under Trog
  1126 | D:2      | Reached XP level 4. HP: 24/29 MP: 4/4
  1450 | D:2      | Reached skill level 4 in Fighting
  1871 | D:3      | Reached *** piety under Trog
  1871 | D:3      | Reached XP level 5. HP: 31/33 MP: 5/5
  2210 | D:3      | Slain by an orc

Skill      XL: |  1  2  3  4 |
---------------+-------------+-----
Axes           | 3 |  3.6
Dodging        | 2 |  2.6
Armour         | 3 |  3.5
Fighting       | 4 |  4.3

Action                   |  1- 3 |  4- 6 || total
-------------------------+-------+-------++-------
Melee: Hand axe          |   140 |   109 ||   249
Invok: Berserk           |       |     1 ||     1
  Eat: Chunk             |     1 |     4 ||     5
Armor: Animal skin       |    62 |    37 ||    99
Dodge: Dodged            |   100 |    64 ||   164
